 Dungeon Sprint DCSS version 0.27-a0-550-ge92ec0ca06 (webtiles) character file.

Game seed: 2089824244190762955

567 mhtbhm the Basher (level 7, -7/76 HPs)
             Began as a Kobold Berserker on Mar 7, 2021.
             Was an Elder of Trog.
             Mangled by a fire elemental (9 damage)
             ... summoned by a deep elf pyromancer
             ... in the Dungeon (Sprint III: "The Ten Rune Challenge").
             The game lasted 00:01:21 (947 turns).

mhtbhm the Basher (Kobold Berserker)                 Turns: 947, Time: 00:01:22

Health: -7/76      AC:  8    Str: 18    XL:     7   Next: 59%
Magic:  7/7        EV: 15    Int:  8    God:    Trog [****..]
Gold:   52         SH:  0    Dex: 15    Spells: 6/6 levels left

rFire    . . .     SeeInvis .   a - +0 mace
rCold    . . .     Faith    .   (shield restricted)
rNeg     . . .     Spirit   .   b - +0 ring mail
rPois    .         Reflect  .   (helmet restricted)
rElec    .         Harm     .   (no cloak)
rCorr    .         Rampage  .   (no gloves)
Will     .....     NoTele   +   (no boots)
Stlth    ..........             (no amulet)
HPRegen  0.22/turn              (no ring)
MPRegen  0.10/turn              (no ring)

@: berserking, very quick
A: small, antennae 1, thin metallic scales 1, blink, nightstalker 3, strong 1
a: Blink, Renounce Religion, Berserk, Trog's Hand, Brothers in Arms


You were in the Dungeon.
You worshipped Trog.
Trog was greatly pleased with you.
You visited 1 branch You collected 52 gold pieces.

Inventory:

Hand Weapons
 a - a +0 mace (weapon)
Armour
 b - a +0 ring mail (worn)
Scrolls
 h - a scroll of blinking
 j - 2 scrolls of holy word {unknown}
 k - 4 scrolls of identify {unknown}
Potions
 c - 2 potions of curing
 d - a potion of heal wounds
 e - a potion of haste
 f - 2 potions of magic
 g - a potion of berserk rage
 i - a potion of mutation
 l - 2 potions of flight
 m - a potion of might


   Skills:
 + Level 9.3 Fighting
 + Level 9.8 Maces & Flails
 + Level 4.5 Armour
 + Level 5.1 Dodging
 + Level 7.2 Stealth


You had 6 spell levels left.
You didn't know any spells.
Your spell library was empty.

Dungeon Overview and Level Annotations

Branches:
Dungeon (1/1)

Altars:
Dithmenos
Elyvilon
Kikubaaqudgha
Okawaru
Ru
Sif Muna
Trog
Uskayaw
Vehumet
Wu Jian
Yredelemnul
Zin
The Shining One
Beogh


Innate Abilities, Weirdness & Mutations

You are small and have problems with some larger weapons.
You are completely attuned to the shadows.
You have a pair of small antennae on your head.
You are partially covered in thin metallic scales. (AC +2)
You can translocate small distances at will.
Your muscles are strong. (Str +2)


Message History

A deep elf pyromancer comes into view.
It is wielding a +1 long sword of holy wrath.
Found a potion of heal wounds.
There is an open door here.
The deep elf pyromancer shouts!
The deep elf pyromancer gestures wildly while chanting.
The deep elf pyromancer blinks!
A red film seems to cover your vision as you go berserk!
You feel yourself moving faster!
You feel mighty!
The deep elf pyromancer mumbles some strange words.
You closely miss the deep elf pyromancer.
The deep elf pyromancer gestures wildly while chanting.
You thump the deep elf pyromancer!
The deep elf pyromancer is moderately wounded.
The fire elemental disappears in a puff of smoke!
You hit the deep elf pyromancer.
The deep elf pyromancer is heavily wounded.
The fire elemental closely misses you. The fire elemental hits you.
The fire elemental burns you!
The deep elf pyromancer points at you and mumbles some strange words.
The bolt of fire hits you!!!
Ouch! That really hurt!
* * * LOW HITPOINT WARNING * * *
You sock the deep elf pyromancer!
The deep elf pyromancer is severely wounded.
The fire elemental barely misses you. The fire elemental closely misses you.
Unknown command.
You completely miss the deep elf pyromancer.
The deep elf pyromancer is severely wounded.
The deep elf pyromancer gestures wildly while chanting.
The deep elf pyromancer blinks!
Unknown command.
The fire elemental hits you. The fire elemental burns you!
* * * LOW HITPOINT WARNING * * *
The fire elemental hits you. The fire elemental burns you!
* * * LOW HITPOINT WARNING * * *
Unknown command.
Unknown command.
You closely miss the fire elemental. The fire elemental hits you.
The fire elemental burns you!
You die...

▓▓▓▓ ...#### ############
......#####..#__E#___#__#
.[.....#..#..#!.@#__)#._#
#.##...#..#..###E#'###)##
#.###..##'#..#.°E○......#
##.##†.###...'.⌠e.......#
..##..####...#...######+#
..##..###....#.⌠.# {
.##...##.....#...#
##....#......#)###
##..##.#.....#)::#


You could see a deep elf pyromancer and 3 fire elementals.

Vanquished Creatures
  A necrophage (D)
  A water elemental (D)
  A scorpion (D)
  A wizard (D)
  A necromancer (D)
  A kobold demonologist (D)
  3 humans (D)
  2 oozes (D)
  2 rats (D)
13 creatures vanquished.

Vanquished Creatures (others)
  6 plants (D)
6 creatures vanquished.

Grand Total: 19 creatures vanquished

Notes
Turn   | Place    | Note
-------+----------+-------------------------------------------
     0 | D        | mhtbhm the Kobold Berserker began the quest for the Orb.
     0 | D        | Reached XP level 1. HP: 14/14 MP: 1/1
    21 | D        | Reached XP level 2. HP: 11/20 MP: 2/2
   192 | D        | Reached ** piety under Trog
   203 | D        | Noticed a scorpion
   221 | D        | Reached skill level 5 in Fighting
   221 | D        | Reached skill level 1 in Stealth
   221 | D        | Reached XP level 3. HP: 26/26 MP: 3/3
   290 | D        | Killed a scorpion
   291 | D        | Reached skill level 5 in Maces & Flails
   291 | D        | Reached XP level 4. HP: 32/32 MP: 4/4
   306 | D        | Gained mutation: Your spells are a little harder to cast,
                  | but a little more powerful. [potion of mutation]
   306 | D        | Gained mutation: You are frail. (-10% HP) [potion of
                  | mutation]
   306 | D        | Gained mutation: You are clumsy. (Dex -2) [potion of
                  | mutation]
   306 | D        | Gained mutation: Your flesh is heat resistant. (rF+)
                  | [potion of mutation]
   311 | D        | Lost mutation: Your flesh is heat resistant. (rF+) [potion
                  | of mutation]
   311 | D        | Lost mutation: You are clumsy. (Dex -2) [potion of
                  | mutation]
   311 | D        | Gained mutation: Armour fits poorly on your strangely
                  | shaped body. [potion of mutation]
   311 | D        | Gained mutation: You are very frail. (-20% HP) [potion of
                  | mutation]
   311 | D        | Gained mutation: You can translocate small distances at
                  | will. [potion of mutation]
   312 | D        | Lost mutation: Armour fits poorly on your strangely shaped
                  | body. [potion of mutation]
   312 | D        | Lost mutation: Your spells are a little harder to cast, but
                  | a little more powerful. [potion of mutation]
   312 | D        | Lost mutation: You are very frail. (-20% HP) [potion of
                  | mutation]
   312 | D        | Lost mutation: You are frail. (-10% HP) [potion of
                  | mutation]
   312 | D        | Gained mutation: Your muscles are strong. (Str +2) [potion
                  | of mutation]
   312 | D        | Gained mutation: You have a pair of small antennae on your
                  | head. [potion of mutation]
   312 | D        | Gained mutation: You are partially covered in thin metallic
                  | scales. (AC +2) [potion of mutation]
   479 | D        | Noticed a water elemental
   487 | D        | Killed a water elemental
   487 | D        | Reached *** piety under Trog
   488 | D        | Reached XP level 5. HP: 29/37 MP: 5/5
   622 | D        | Found a radiant altar of Vehumet.
   622 | D        | Found a shimmering blue altar of Sif Muna.
   622 | D        | Found an ancient bone altar of Kikubaaqudgha.
   627 | D        | Noticed a sixfirhy
   630 | D        | Reached **** piety under Trog
   779 | D        | Found a basalt altar of Yredelemnul.
   779 | D        | Found a shadowy altar of Dithmenos.
   779 | D        | Found a sacrificial altar of Ru.
   779 | D        | Noticed a necrophage
   784 | D        | Reached skill level 5 in Stealth
   784 | D        | Reached XP level 6. HP: 44/44 MP: 6/6
   787 | D        | Killed a necrophage
   834 | D        | Found a hide-covered altar of Uskayaw.
   834 | D        | Found an iron altar of Okawaru.
   834 | D        | Found a bloodstained altar of Trog.
   834 | D        | Found an ornate altar of the Wu Jian Council.
   834 | D        | Noticed a human
   835 | D        | Noticed a human
   841 | D        | Killed a human
   842 | D        | Reached skill level 5 in Dodging
   842 | D        | Reached XP level 7. HP: 50/50 MP: 7/7
   846 | D        | Killed a human
   937 | D        | Found a glowing silver altar of Zin.
   937 | D        | Found a glowing golden altar of the Shining One.
   937 | D        | Found a white marble altar of Elyvilon.
   938 | D        | Noticed a deep elf pyromancer
   941 | D        | Noticed a fire elemental
   942 | D        | Noticed a fire elemental
   942 | D        | Noticed a fire elemental
   942 | D        | Noticed a fire elemental
   946 | D        | HP: 2/76 [fire elemental[a deep elf pyromancer] (9)]
   947 | D        | Mangled by a fire elemental

Illustrated notes

Levels and vault maps discovered:
D:        dungeon_sprint_mu [sprint_mu_entry_cave, sprint_mu_temple_rooms,
          sprint_mu_d1_horrors, sprint_mu_d2_genie, sprint_mu_d3_branching,
          sprint_mu_orc_legion, sprint_mu_elf_gauntlet, sprint_mu_hive_nellie,
          sprint_mu_lair_fedhas, sprint_mu_vaults_butterflies,
          sprint_mu_slime_circle, sprint_mu_swamp_cave, sprint_mu_snake_twists,
          sprint_mu_blade_basic, sprint_mu_crypt_chambers,
          sprint_mu_tomb_spiral, sprint_mu_vestibule_basic,
          sprint_mu_gehenna_hellfire, sprint_mu_dis_giant,
          sprint_mu_tartarus_statrot, sprint_mu_cocytus_islands, sprint_mu_zot1]

Skill      XL: |  1  2  3  4  5  6  7 |
---------------+----------------------+-----
Fighting       | 4 5 6 7 8 9 |  9.3
Maces & Flails | 3 4 5 6 7 9 |  9.8
Armour         | 2 3 4 |  4.5
Dodging        | 3 4 5 |  5.1
Stealth        | 1 3 4 5 6 7 |  7.2

Action                   |  1- 3 |  4- 6 |  7- 9 || total
-------------------------+-------+-------+-------++-------
Melee: Mace              |    23 |    24 |    11 ||    58
Invok: Berserk           |     2 |     4 |     1 ||     7
  Use: Potion            |       |     3 |       ||     3
 Stab: Sleeping          |     3 |       |       ||     3
Armor: Animal skin       |     1 |       |       ||     1
       Ring mail         |     4 |     4 |     4 ||    12
Dodge: Dodged            |    10 |     7 |     5 ||    22

Table legend: (Time is in decaauts)
 A = Elapsed time spent in this place.
 B = Non-inter-level travel time spent in this place.
 C = Inter-level travel time spent in this place.
 D = Time resting spent in this place.
 E = Time spent auto-exploring this place.
 F = Levels seen in this place.
 G = Mean time per level.
                   A        B        C        D        E       F      G
               +--------+--------+--------+--------+--------+-----+--------+
         Total |    999 |    999 |      0 |    656 |    147 |   1 |  999.0 |
       Dungeon |    999 |    999 |      0 |    656 |    147 |   1 |  999.0 |
               +--------+--------+--------+--------+--------+-----+--------+

Top non-repeatable levels by time:
       D: 999 daAuts
